 Dungeon Crawl Stone Soup version 0.21-a0-127-g329daca (webtiles) character file.

74 Ordine the Magician (level 4, 0/24 HPs)
             Began as a Deep Elf Wizard on July 16, 2017.
             Killed from afar by an orc wizard (4 damage)
             ... with a magic dart
             ... on level 2 of the Dungeon.
             The game lasted 00:09:19 (2629 turns).

Ordine the Magician (Deep Elf Wizard)               Turns: 2629, Time: 00:09:21

Health: 0/24       AC:  4    Str:  4    XL:     4   Next: 10%
Magic:  8/12       EV: 13    Int: 24    God:
Gold:   87         SH:  0    Dex: 13    Spells: 1/12 levels left

rFire    . . .     SeeInvis .   m - +0 quarterstaff
rCold    . . .     Gourm    .   (shield currently unavailable)
rNeg     . . .     Faith    .   a - +0 robe
rPois    +         Spirit   .   j - +1 helmet
rElec    .         Reflect  .   (no cloak)
rCorr    .         Harm     .   (no gloves)
MR       .....                  (no boots)
Stlth    ++........             (no amulet)
HPRegen  0.08/turn              l - ring of poison resistance
MPRegen  0.13/turn              (no ring)

@: very slightly contaminated
A: no striking features
a: no special abilities


You were on level 2 of the Dungeon.
You were very hungry.

You visited 1 branch of the dungeon, and saw 3 of its levels.

You collected 87 gold pieces.

Inventory:

Hand Weapons
 m - a +0 quarterstaff (weapon)
Armour
 a - a +0 robe (worn)
 j - a +1 helmet (worn)
Jewellery
 l - a ring of poison resistance (left hand)
Scrolls
 k - 2 scrolls of blinking
Potions
 b - a potion of haste
 e - a potion of ambrosia
 f - a potion of flight
 g - 3 potions of heal wounds {unknown}
Books
 c - a book of Minor Magic

   Spells                             Type                      Level
   a - Magic Dart                     Conjuration                  1
   b - Blink                          Translocation                2
   c - Call Imp                       Summoning                    2
   d - Slow                           Hexes                        2
   e - Conjure Flame                  Conjuration/Fire             3
   f - Mephitic Cloud                 Conjuration/Poison/Air       3
Comestibles
 d - 2 bread rations
 h - a royal jelly


   Skills:
 + Level 2.9 Dodging
 + Level 3.6 Stealth
 + Level 4.8 Spellcasting
 + Level 2.2 Conjurations
 + Level 1.8 Summonings
 + Level 1.5 Translocations


You had one spell level left.
You knew the following spells:

 Your Spells              Type           Power        Failure   Level  Hunger
a - Magic Dart            Conj           ###.         3%          1    None
b - Blink                 Tloc           N/A          7%          2    None
c - Call Imp              Summ           ##......     6%          2    None
d - Conjure Flame         Conj/Fire      ##......     17%         3    ##.....
e - Mephitic Cloud        Conj/Pois/Air  #.......     21%         3    ##.....


Dungeon Overview and Level Annotations

Branches:
Dungeon (3/15)

Altars:
Okawaru

Annotations:
D:3 newuser's ghost, weakling VSFi


Message History

The orc barely misses you. The orc wizard closely misses you.
You climb upwards.
There is a stone staircase leading down here.
Unknown command.
Casting: Magic Dart
Confirm with . or Enter, or press ? or * to list all spells.
A beastly little devil appears in a puff of frigid air.
The orc wizard gestures at you while chanting.
The magic dart hits you! The orc hits you with a club.
* * * LOW HITPOINT WARNING * * *
Unknown command.
Unknown command.
Casting: Call Imp
Confirm with . or Enter, or press ? or * to list all spells.
You miscast Blink.
You are very lightly contaminated with residual magic.
Nothing appears to happen.
The orc wizard points at you and mumbles some strange words.
The magic dart hits you!
You die...

#####...#
......#.#######
#####.......(.# #
##.######.# # #.# #)#
######.# #.# ....<..#
#.# ......##
##.#########
#####.######...o@o5...#
##............#######.#
### ##........##.##
#.####.##
##........##.#
#.....#.#
#........>.#.#
######.##
#..........#.# #.#
#..........#.# #[#
#..........#.# #.#
......###..#.# #.#


You could see an orc wizard, an orc and a friendly white imp.

Vanquished Creatures
  2 oozes (D:1)
  2 dart slugs
  4 leopard geckos
  2 orcs (D:3)
  A ball python (D:2)
  6 bats
  3 goblins
  10 hobgoblins
  4 jackals
  5 kobolds
  5 rats (D:1)
44 creatures vanquished.

Vanquished Creatures (collateral kills)
  A worm (D:2)
  An orc (D:3)
  4 jackals (D:2)
6 creatures vanquished.

Grand Total: 50 creatures vanquished

Notes
Turn   | Place    | Note
-------+----------+-------------------------------------------
     0 | D:1      | Ordine the Deep Elf Wizard began the quest for the Orb.
     0 | D:1      | Reached XP level 1. HP: 10/10 MP: 7/7
   323 | D:1      | Reached XP level 2. HP: 11/15 MP: 3/9
   695 | D:1      | Learned a level 2 spell: Blink
   698 | D:1      | Learned a level 2 spell: Call Imp
   940 | D:1      | Reached XP level 3. HP: 5/19 MP: 0/11
  1268 | D:1      | Learned a level 3 spell: Conjure Flame
  1272 | D:1      | Learned a level 3 spell: Mephitic Cloud
  1470 | D:1      | Found an iron altar of Okawaru.
  2504 | D:3      | Reached XP level 4. HP: 20/24 MP: 8/12
  2540 | D:3      | Noticed newuser's ghost (weakling VSFi)
  2629 | D:2      | Killed from afar by an orc wizard

Vault maps used:
D:1:      saegor_arrival_miasma, serial_bayou_pond_e, okawaru_ov_weapons_minmay
D:3:      portal_sewer_entry_b, doesnt_xom_only_xom

Skill      XL: |  1  2  3 |
---------------+----------+-----
Stealth        | 3 |  3.6
Conjurations   | 2 |  2.2
Dodging        | |  2.9
Spellcasting   | |  4.8
Summonings     | |  1.8
Translocations | |  1.5

Action                   |  1- 3 |  4- 6 || total
-------------------------+-------+-------++-------
Melee: Unarmed           |    15 |       ||    15
       Short sword       |     7 |       ||     7
       Quarterstaff      |       |     3 ||     3
 Cast: Magic Dart        |   104 |     7 ||   111
       Call Imp          |     7 |     4 ||    11
  Use: Scroll            |     6 |     1 ||     7
  Eat: Chunk             |     4 |       ||     4
Armor: Robe              |    17 |     1 ||    18
Dodge: Dodged            |    57 |     7 ||    64
